Unix NetHack Version 3.7.0-71 Work-in-progress - last build Jan 31 2023 02:41:03 (7ba98a1283f2b7cec35fde026edb48fc825ab8ae,branch:master). Game began 2023-02-02 21:06:28, ended 2023-02-02 21:25:57. Gandelf, neutral female human Monk --- ---- ---- --.-- --..-- |..| |...| |....| ---- ---- --..| |-..| --....| -------..| --..| |...------ |...-- |....-- |.--.....-- --.----)@-----.....|...-- --...--- --<..--- |.........| |......od...............---- ------.....| ---...| --........| |.......[...---.......|...%.---.........^-- --.| --......--- |.^....%.. .....---.....[...........| |.-- |..|.---- |..---.... -......|--................| |..---------.---- |^-- |.... -...|..-- ----............. -... -......--...| --- |.... ..------ ---....--............ ---.......)| ---....... ..| --.-------.....--..... ......| --...|........| -----------...|--........ ...--- --....|--.|....-- ----|........--- ----.%.... .....-- --.....-------...--- |..--..------- --...............------- --.......| |.....-- |........| ----..............|..---- |....--.-- |......| |........-- ---.---........|...|.-- --.------ -.|.|.| |.--......| --- |..|.---........| --- ------- ---|..|..-- ----- --).|.|.-- ------- -------- Gandelf the Novice St:15 Dx:12 Co:11 In:15 Wi:16 Ch:8 Neutral S:1338 Dlvl:6 $:88 HP:0(46) Pw:22(22) AC:0 Xp:5/250 T:1488 Hungry Burdened Latest messages: The little dog picks up a gold piece. The little dog bites the Mordor orc. You hit the Mordor orc! The Mordor orc hits! The Mordor orc swings his curved sword. The Mordor orc misses! The little dog bites the Mordor orc. The Mordor orc swings his curved sword at the little dog. The Mordor orc hits the little dog. You hit the Mordor orc! You kill the Mordor orc! The Mordor orc swings his curved sword. The Mordor orc hits! You hit the Mordor orc! The Mordor orc swings his curved sword. The Mordor orc hits! The Mordor orc hits! You hear a nearby zap. The Mordor orc swings his curved sword. The Mordor orc just misses! The Mordor orc misses! The Mordor orc hits! The Mordor orc hits! You hit the Mordor orc. The Mordor orc reads a scroll labeled XIXAXA XOXAXA XUXAXA! Call a scroll labeled XIXAXA XOXAXA XUXAXA: wtf You hear some noises. You hit the Mordor orc! You kill the fox! You already found a monster. Use 'm' prefix to force another search. You kill the Mordor orc! The little dog eats a Mordor orc corpse. The Mordor orc misses! The knife misses the Mordor orc. A knife misses you. The Mordor orc swings her knife. The Mordor orc hits! You miss the Mordor orc. You hit the Mordor orc! You hit the Mordor orc! The Mordor orc turns to flee. The Mordor orc swings her knife. The Mordor orc hits! The Mordor orc swings her knife. The Mordor orc hits! You swap places with your little dog. The Mordor orc thrusts her knife. The Mordor orc hits! You die... Do you want your possessions identified? [ynq] (y) q Inventory: Coins $ - 88 gold pieces Weapons K - 2 +0 arrows r - 33 +0 darts J - 3 blessed +1 daggers I - 7 +0 daggers z - a +0 elven dagger Armor B - an uncursed +0 dwarvish iron helm (being worn) a - an uncursed +2 pair of leather gloves (being worn) C - an uncursed +0 pair of iron shoes (being worn) M - a blessed +2 dwarvish cloak D - an uncursed +0 dwarvish cloak E - an uncursed +0 dwarvish cloak b - an uncursed +1 robe (being worn) u - an uncursed +0 dwarvish mithril-coat Comestibles g - 7 uncursed apples f - 3 uncursed food rations F - 2 uncursed food rations i - 4 uncursed fortune cookies h - 5 uncursed oranges A - 2 uncursed tins of french fried green mold p - 3 uncursed eggs Scrolls w - an uncursed scroll of amnesia d - a blessed scroll of confuse monster l - 2 uncursed scrolls of enchant armor H - an uncursed scroll of fire t - a blessed scroll of identify j - an uncursed scroll of identify Spellbooks P - an uncursed spellbook of jumping c - a blessed spellbook of protection m - an uncursed spellbook of slow monster Potions n - an uncursed diluted potion of fruit juice o - an uncursed potion of speed e - 3 uncursed potions of water N - a potion of unholy water Rings q - a cursed ring of shock resistance Wands Q - a wand of magic missile (0:6) Tools O - an uncursed mirror Gems/Stones k - an uncursed worthless piece of blue glass v - an uncursed worthless piece of green glass L - an uncursed worthless piece of orange glass G - 3 uncursed worthless pieces of red glass y - an uncursed worthless piece of white glass Gandelf the Monk's attributes: Background: You were a Novice, a level 5 female human Monk. You were neutral, on a mission for Chih Sung-tzu who was opposed by Shan Lai Ching (lawful) and Huan Ti (chaotic). You started out male. You were in the Gnomish Mines, on level 6. You entered the dungeon 1488 turns ago. You had 250 experience points, 70 more were needed to attain level 6. Your score was 1338 before end-of-game adjustments. Basics: You had 0 out of 46 hit points. You had all 22 energy points (spell power). Your armor class was 0. Your wallet contained 88 zorkmids. Autopickup was on for '$?!+/=' plus thrown. Final Characteristics: Your strength was 15 (limit:18/100). Your dexterity was 12 (limit:18). Your constitution was 11 (limit:18). Your intelligence was 15 (limit:18). Your wisdom was 16 (limit:18). Your charisma was 8 (limit:18). Final Status: You were hungry. You were burdened; movement was slightly slowed. You were empty handed. You had basic skill with martial arts. Final Attributes: You were devoutly aligned. You were sleep resistant. You were poison resistant. You saw invisible. You were stealthy. You were guarded. You were fast. You are dead. Miscellaneous: You never encountered a bones level. Total elapsed playing time was 19 minutes and 28 seconds. Major events: Turn 1: Gandelf the neutral male human Monk entered the dungeon 964: entered the Gnomish Mines 979: attained the rank of Novice (level 3) 1488: killed by a Mordor orc Vanquished creatures: 3 Mordor orcs a pony 2 gnome leaders 2 giant ants 5 dwarves 2 hobbits a brown mold 15 gnomes a gnome zombie 3 geckos 10 jackals a fox a kobold a sewer rat a grid bug a bat 4 newts 54 creatures vanquished. No species were genocided or became extinct. Voluntary challenges: You followed a strict vegan diet. You never hit with a wielded weapon. You were illiterate. You never engraved Elbereth. You never genocided any monsters. You never polymorphed an object. You never changed form. You used no wishes. Achievements: You entered a shop. You entered the Gnomish Mines. You attained the rank of Novice. The Dungeons of Doom: levels 1 to 4 Level 1: Level 2: A general store. Level 3: An altar. Stairs down to The Gnomish Mines. Level 4: The Gnomish Mines: levels 4 to 6 Level 4: Level 5: Level 6: <- You were here. Final resting place for you, killed by a Mordor orc. Game over: ---------- / \ / REST \ / IN \ / PEACE \ / \ | Gandelf | | 88 Au | | killed by a | | Mordor orc | | | | | | 2023 | *| * * * | * _________)/\\_//(\/(/\)/\//\/|_)_______ Goodbye Gandelf the Monk... You died in The Gnomish Mines on dungeon level 6 with 1330 points, and 88 pieces of gold, after 1488 moves. You were level 5 with a maximum of 46 hit points when you died.